 Dungeon Crawl Stone Soup version 0.14-a0-1330-g3eed206 (webtiles) character file.

154498 4tharraofdagon the Stickfighter (level 16, -2/167 HPs)
             Began as a Djinni Wanderer on Dec 4, 2013.
             Was a Believer of Yredelemnul.
             Killed from afar by a deep elf annihilator (22 damage)
             ... with a bolt of lightning
             ... on Level 3 of the Elven Halls on Dec 6, 2013.
             The game lasted 02:34:57 (16061 turns).

4tharraofdagon the Stickfighter (Djinni Wanderer)  Turns: 16061, Time: 02:34:57

HP  -2/167       AC 24     Str 20      XL: 16   Next: 75%
MP   0/0         EV  8     Int 16      God: Yredelemnul [**....]
Gold 1400        SH  0     Dex 15      Spells:  5 memorised, 14 levels left

rFire  + + +     SeeInvis .     i - +7,+3 lajatang of the Wolf {drain, -Tele Int+2}
rCold  . . .     Clarity  +     z - +3 orc chain mail {MR+}
rNeg   + + +     Conserve .     (no shield)
rPois  +         rCorr    .     k - +2 helmet
rElec  .         rRot     .     q - +1 cloak
SustAb . .       Spirit   .     V - +0 pair of gloves
rMut   +         Warding  .     (boots unavailable)
Saprov . . .     NoTele   +     U - amulet of resist mutation
                                P - ring of regeneration
                                E - ring of Nomipnau {rPois Str+4}

@: flying, quite resistant to hostile enchantments, extremely unstealthy
A: fire immunity, cold vulnerability, yellow scales 1, breathe flames 1,
clarity, cold resistance 1, life protection 3, robust 2
a: Animate Remains, Recall Undead Slaves, Injury Mirror, Renounce Religion,
Breathe Fire
}: 1/15 runes: serpentine


You were on level 3 of the Elven Halls.
You worshipped Yredelemnul.
Yredelemnul was pleased with you.
You were not hungry.

You visited 6 branches of the dungeon, and saw 34 of its levels.
You visited the Abyss 1 time.
You also visited: Bailey.

You collected 2941 gold pieces.
You spent 1541 gold pieces at shops.

Inventory:

Hand weapons
 d - a +0 elven blowgun
 i - the +7,+3 lajatang of the Wolf (weapon) {drain, -Tele Int+2}
   (You acquired it on level 4 of the Lair of Beasts)

   A truly terrible weapon, it drains the life of those it strikes.
   It affects your intelligence (+2).
   It prevents most forms of teleportation.
 n - a +4,+4 quarterstaff of chaos
 B - a +7,+3 elven longbow of frost
Missiles
 a - 19 arrows of frost
 c - 98 arrows
 j - 17 poisoned arrows
Armour
 k - a +2 helmet (worn)
 q - a +1 cloak (worn)
 z - a +3 orcish chain mail of magic resistance (worn)
 J - the +4 ring mail "Thucryshra" {Dex+3 Int+1}
   (You found it on level 1 of the Lair of Beasts)

   It affects your intelligence (+1).
   It affects your dexterity (+3).
 V - a +0 pair of gloves (worn)
 Y - a +2 plate armour of magic resistance
Magical devices
 l - a wand of teleportation (3)
 m - a wand of teleportation (5)
 y - a wand of digging (9)
 N - a wand of teleportation (0)
 S - a wand of heal wounds (0)
 W - a wand of digging (6)
Scrolls
 e - 2 scrolls of blinking
 o - a scroll of enchant weapon II
 s - a scroll of amnesia
 t - 4 scrolls of remove curse
 w - 2 scrolls of enchant weapon I
 x - a scroll of teleportation
 C - a scroll of immolation
 H - a scroll of fear
Jewellery
 g - an uncursed ring of see invisible {unknown}
 E - the ring of Nomipnau (left hand) {rPois Str+4}
   (You took it off a deep elf sorcerer on level 3 of the Elven Halls)

   [ring of poison resistance]

   It affects your strength (+4).
 I - an uncursed ring of poison resistance
 P - a ring of regeneration (right hand)
 R - a +6,+3 ring of slaying {unknown}
 T - an uncursed ring of protection from cold {unknown}
 U - an amulet of resist mutation (around neck)
Potions
 b - 4 potions of curing
 h - 2 potions of brilliance
 u - 2 potions of restore abilities
 v - a potion of lignification
 A - a potion of might
 D - a potion of cure mutation
 X - 2 potions of agility
Books
 p - a Grand Grimoire {highlevel}

   This book is beyond your current level of understanding.

   Spells                             Type                      Level
   Demonic Horde                      Summoning                    6
   Mass Abjuration                    Summoning                    6
   Haunt                              Necromancy/Summoning         7
   Summon Greater Demon               Summoning                    7
   Malign Gateway                     Summoning/Translocation      7
   Summon Horrible Things             Summoning                    8
 Z - a book of War Chants

   Spells                             Type                      Level
   Fire Brand                         Charms/Fire                  2
   Freezing Aura                      Charms/Ice                   2
   Shroud of Golubria                 Charms/Translocation         2
   *Repel Missiles                    Charms/Air                   2
   Poison Weapon                      Charms/Poison                3
   *Regeneration                      Charms/Necromancy            3
Miscellaneous
 G - a phial of floods
 K - an ornate deck of war {drawn: 8}
 L - a phial of floods (inert)
 M - a fan of gales
 O - a legendary deck of wonders
 Q - a plain deck of war {Solitude}


   Skills:
 + Level 11.9 Fighting
 * Level 16.1 Staves
 - Level 7.0 Bows
 + Level 11.5 Armour
 + Level 5.4 Dodging
 - Level 4.4 Spellcasting
 + Level 7.9 Charms
 - Level 7.0 Translocations
 - Level 6.0 Invocations
 + Level 12.7 Evocations


You had 14 spell levels left.
You knew the following spells:

 Your Spells              Type           Power        Failure   Level  Hunger
a - Regeneration          Chrm/Necr      ###.......   61%         3    ###....
b - Repel Missiles        Chrm/Air       ###.......   30%         2    ##.....
c - Summon Butterflies    Summ           #.......     88%         1    None
d - Apportation           Tloc           ####......   6%          1    None
e - Swiftness             Chrm/Air       ###.....     30%         2    ##.....


Dungeon Overview and Level Annotations

Branches:
Dungeon (13/16)            Temple (1/1) D:7             Orc (4/4) D:12
    Elf (3/3) Orc:4          Lair (8/8) D:8           Swamp (0/5) Lair:3
  Snake (5/5) Lair:4        Slime (0/6) Lair:8

Altars:
Ashenzari
Cheibriados
Elyvilon
Fedhas
Kikubaaqudgha
Makhleb
Nemelex Xobeh
Okawaru
Sif Muna
Trog
Vehumet
Xom
Yredelemnul
Zin
the Shining One
Jiyva

Shops:
D:11 [   D:12 }   Orc:4 [**/

Annotations:
D:6 MechanicPope's ghost, average FoFi
D:7 Daniel's ghost, experienced MiFi
D:8 miro's ghost, experienced DEWz


Innate Abilities, Weirdness & Mutations

You are immune to all types of fire, even holy and hellish.
You are vulnerable to cold.
You need no food.
You have no legs.
You are immune to negative energy.
You are partially covered in yellow scales (AC +2).
You can breathe flames.
You possess an exceptional clarity of mind.
Your flesh is cold resistant.
You are very robust (+20% HP).


Message History

You slash the deep elf mage! You drain the deep elf mage!
The deep elf mage is severely wounded.
You closely miss the deep elf mage.
The deep elf mage is severely wounded.
The deep elf mage barely misses you.
You closely miss the deep elf mage.
The deep elf mage is severely wounded.
The deep elf mage hits you with an uncursed elven long sword.
You slice the deep elf mage!!
You kill the deep elf mage!
Yredelemnul accepts your kill.
No target in view!
No target in view!
The deep elf annihilator shouts!
The deep elf annihilator gestures at you while chanting.
The bolt of lightning hits you!
* * * LOW HITPOINT WARNING * * *
The bolt of lightning hits you!
You die...
Your body rises from the dead as a mindless zombie.

...........#............######.#
...........#.........#### #.#
...........#.###.....# #.#
#.##########e# #.....# #.## #.
########.###.....#########... #.
.........))...................
#######..#.##################
#..##.## # #..###@# # #..##}#.#
# #.e####### +## . #..##....##
###..## .....#e.#.......#
#(e..## ..................
#.ee5.###
.................e...e...#
e.....##........e...e...##
..e.## ###..............#


You could see a deep elf annihilator.

Vanquished Creatures
  3 deep elf blademasters (Elf:3)
  A tentacled starspawn (Abyss:1)
  Aizul (Elf:3)
  5 deep elf sorcerers (Elf:3)
  4 deep elf demonologists (Elf:3)
  3 greater nagas (Snake:5)
  6 deep elf annihilators (Elf:3)
  A hydra (Lair:2)
  2 deep elf death magi (Elf:3)
  8 anacondas (Snake:5)
  A deep elf high priest (Elf:3)
  2 salamanders (Snake:5)
  A fire dragon (Lair:8)
  8 naga warriors
  Nergalle (D:10)
  A centaur warrior (D:13)
  2 deep elf knights (Elf:3)
  A giant orange brain (shapeshifter) (Elf:1)
  Pikel (D:9)
  A catoblepas (shapeshifter) (Elf:3)
  5 lindwurms
  2 hill giants
  A harpy (Abyss:1)
  4 guardian serpents
  A griffon (Lair:6)
  33 black mambas
  3 two-headed ogres (Orc:4)
  7 spiny frogs
  4 deep elf summoners
  A smoke demon (Abyss:1)
  A feature mimic (Lair:3)
  3 fire drakes
  2 deep elf priests
  A komodo dragon (Lair:5)
  11 naga magi (Snake:5)
  2 trolls
  A snapping turtle (shapeshifter) (Elf:1)
  12 blink frogs
  2 ynoxinuls
  A basilisk (Lair:8)
  A trapdoor spider (D:13)
  A wraith (Lair:4)
  2 shadows
  A wyvern (D:12)
  A chaos spawn (Abyss:1)
  2 elephant slugs
  An ugly thing (D:12)
  4 deep elf magi
  A vampire (D:12)
  A neqoxec (Abyss:1)
  A hog (Elf:2)
  23 yaks
  A fire elemental (D:12)
  2 hippogriffs
  A hill giant skeleton (D:12)
  A manticore (D:10)
  4 deep elf fighters
  16 wolves
  A swamp drake (Lair:8)
  3 small abominations
  14 nagas
  4 porcupines
  A black bear (D:10)
  18 ogres
  7 orc warriors
  2 sky beasts
  A giant goldfish (Lair:2)
  A phantom (D:9)
  13 crocodiles
  2 ice beasts
  8 centaurs
  A rotting devil (Elf:3)
  2 wargs (Orc:3)
  Sigmund (D:7)
  3 big kobolds
  A blink frog skeleton (D:11)
  Edmund (D:6)
  4 giant frogs
  A boring beetle (Lair:8)
  3 giant slugs
  7 water moccasins
  3 agate snails
  A manticore zombie (D:11)
  A troll zombie (D:9)
  An eye of draining (Abyss:1)
  10 killer bees
  2 goliath beetles
  3 wights (D:11)
  A giant frog zombie (D:8)
  2 basilisk zombies
  4 crimson imps
  13 orc priests
  6 hounds
  A jelly (D:5)
  Crazy Yiuf (D:4)
  A centaur skeleton (D:4)
  7 iguanas
  6 orc wizards
  16 sheep
  2 gnolls
  11 adders
  28 green rats
  6 worker ants
  An inept item mimic (D:3)
  A shadow imp (Abyss:1)
  A giant centipede (Lair:2)
  An inept feature mimic (D:10)
  4 giant mites
  An ufetubus (Abyss:1)
  2 sheep zombies (Lair:4)
  2 worms
  3 giant eyeballs
  3 giant geckos
  2 oozes (D:4)
  70 orcs
  A bat zombie (D:5)
  2 giant cockroaches
  13 hobgoblins
  28 kobolds
  5 quokkas
  8 bats
  A giant newt (D:5)
  12 goblins
  A goblin skeleton (D:5)
  4 green rat zombies (Lair:4)
  A hobgoblin skeleton (D:6)
  23 jackals
  5 rats
634 creatures vanquished.

Vanquished Creatures (collateral kills)
  Saint Roka (Elf:2)
  Rupert (Lair:7)
  Kirke (Elf:2)
  An azure jelly (Lair:1)
  3 greater nagas (Snake:5)
  3 salamanders (Snake:5)
  3 hydras
  4 ogre magi (Orc:4)
  4 anacondas
  11 naga warriors
  5 deep elf knights
  A lindwurm (Snake:5)
  A deep elf conjurer (Elf:2)
  A cyclops (D:12)
  An orc knight (Orc:4)
  9 black mambas
  2 spiny frogs (Lair:7)
  3 deep elf priests
  2 komodo dragons
  A troll (Elf:2)
  4 guardian serpents
  A fire drake (Lair:8)
  18 naga magi
  4 blink frogs
  9 two-headed ogres (Orc:4)
  7 basilisks
  3 mottled dragons (Lair:8)
  3 hogs (Elf:2)
  A wyvern (D:10)
  6 deep elf magi
  6 deep elf fighters
  15 yaks
  A soldier ant (shapeshifter) (Elf:3)
  5 wolves
  2 hippogriffs (Lair:8)
  3 porcupines
  A swamp drake (Lair:8)
  10 orc warriors
  32 nagas
  3 giant slugs
  A crocodile (Lair:7)
  A steam dragon (Lair:8)
  An earth elemental (D:12)
  15 ogres
  6 water moccasins
  6 giant frogs
  4 killer bees
  An electric eel (Lair:2)
  A crimson imp (D:10)
  8 orc priests
  11 orc wizards
  2 orange rats (Elf:2)
  3 hounds
  2 two-headed ogre skeletons
  A worker ant (D:12)
  2 iguanas
  9 sheep (Lair:7)
  2 adders
  4 green rats
  A giant mite (D:10)
  A worm (D:9)
  2 giant geckos
  85 orcs
  3 hobgoblins
  8 jackals
  5 kobolds (D:12)
  A quokka (Lair:5)
  A bat (Lair:6)
  11 goblins
  A spectral orc (D:10)
  A butterfly (Lair:5)
  A plant (Lair:8)
393 creatures vanquished.

Vanquished Creatures (others)
  A bone dragon (Snake:5)
  A death cob (Snake:5)
  A deep elf knight (Elf:3)
  3 skeletal warriors
  A flayed ghost (Snake:5)
  4 anaconda zombies (Snake:5)
  2 flaming corpses
  A phantasmal warrior (Elf:3)
  A fire drake (Lair:3)
  13 black mamba zombies
  3 wraiths
  2 air elementals
  13 flying skulls
  3 water elementals
  A deep elf mage (Elf:3)
  3 deep elf fighters (Elf:3)
  A neqoxec (Abyss:1)
  3 orc warriors (Bailey)
  3 freezing wraiths (Snake:5)
  2 small abominations (Abyss:1)
  A slave (D:9)
  A worker ant (D:9)
  3 blink frog zombies
  A lindwurm zombie (Snake:5)
  A cyclops zombie (D:12)
  A manticore zombie (D:10)
  A wyvern zombie (D:12)
  3 yak zombies
  2 wights (Orc:4)
  A goliath beetle (D:9)
  A crimson imp (D:9)
  21 naga zombies (Snake:5)
  2 wolf zombies (Lair:7)
  A giant frog zombie (D:10)
  A centaur zombie (Lair:3)
  A black bear zombie (D:10)
  13 elf zombies
  A two-headed ogre zombie (Orc:4)
  A porcupine zombie (Lair:2)
  4 killer bee zombies
  12 ogre zombies
  A mummy (Snake:5)
  2 worker ant zombies (Lair:2)
  A sheep zombie (D:10)
  2 iguana zombies
  A steam dragon zombie (Lair:8)
  2 adder zombies
  2 orcs
  5 kobolds
  A hobgoblin zombie (Orc:4)
  3 jackal zombies
  A lurking horror (Abyss:1)
  17 orc zombies
  A quokka zombie (Lair:5)
  2 fungi
  9 plants (D:11)
  2 starspawn tentacles (Abyss:1)
187 creatures vanquished.

Grand Total: 1214 creatures vanquished

Notes
Turn   | Place    | Note
--------------------------------------------------------------
     0 | D:1      | 4tharraofdagon, the Djinni Wanderer, began the quest for the Orb.
     0 | D:1      | Reached XP level 1. HP: 16/16 MP: 0/0
   239 | D:3      | Reached XP level 2. EP: 23/23
   294 | D:3      | Paralysed by a giant eyeball for 2 turns
   382 | D:3      | Bloax: +1,+2 Bow?
   382 | D:3      | Reached XP level 3. EP: 27/30
   390 | D:3      | Bloax: Nice start.
   426 | D:4      | Reached skill level 4 in Fighting
   472 | D:4      | Reached XP level 4. EP: 38/38
   532 | D:4      | Found a deep blue altar of Sif Muna.
   625 | D:4      | Noticed Crazy Yiuf
   629 | D:4      | Killed Crazy Yiuf
   629 | D:4      | Reached skill level 5 in Fighting
   638 | D:4      | 4tharraofdagon: so hmm
   675 | D:4      | Daniel: every wand auto ids now when you zap it
   764 | D:5      | Entered Level 5 of the Dungeon
   781 | D:5      | 4tharraofdagon: thx
   793 | D:5      | Reached XP level 5. EP: 43/45
   860 | D:5      | Found a bloodstained altar of Trog.
   908 | D:6      | 4tharraofdagon: bloax
   908 | D:6      | Bloax: ?
   908 | D:6      | 4tharraofdagon: i need you clothes,your boots and your motorcycle
   930 | D:6      | Reached skill level 1 in Staves
   938 | D:6      | Noticed MechanicPope's ghost (average FoFi)
   977 | D:4      | Bloax: i need to talk to your mother
  1010 | D:5      | 4tharraofdagon: you forgot to say 'please'
  1016 | D:5      | Noticed a centaur
  1028 | D:5      | Killed a centaur
  1028 | D:5      | Reached skill level 1 in Spellcasting
  1033 | D:5      | Bloax: PUT THAT COOKIE DOWN
  1053 | D:5      | Bloax: NOW
  1056 | D:5      | Reached XP level 6. EP: 34/54
  1074 | D:5      | Daniel: 4th is bot confirmed
  1117 | D:5      | 4tharraofdagon: put that toy back to the carpet
  1147 | D:5      | 4tharraofdagon: PUT IT BACK!
  1267 | D:6      | Noticed Edmund
  1274 | D:6      | Bloax: i'll be back
  1274 | D:6      | ill be back
  1335 | D:6      | Killed Edmund
  1406 | D:6      | Noticed an ogre
  1416 | D:6      | Killed an ogre
  1416 | D:6      | Reached XP level 7. EP: 50/62
  1541 | D:7      | Found a staircase to the Ecumenical Temple.
  1543 | D:7      | Noticed Daniel's ghost (experienced MiFi)
  1547 | Temple   | Entered the Ecumenical Temple
  1563 | Temple   | Daniel: you will die
  1567 | Temple   | Daniel: my ghost is stronk
  1567 | Temple   | Bloax: GET TO DA CHOPPA
  1567 | Temple   | 4tharraofdagon: no,u
  1579 | Temple   | Became a worshipper of Yredelemnul the Dark
  1615 | D:6      | Daniel: dual wielding
  1885 | D:8      | Found a staircase to the Lair.
  1885 | D:8      | Noticed an elephant
  1935 | D:7      | Noticed Sigmund
  1936 | D:7      | Gained mutation: You are agile. (Dex +2) [potion of beneficial mutation]
  1941 | D:7      | Killed Sigmund
  2031 | D:8      | Found a flagged portal.
  2046 | Bailey   | Entered a bailey
  2124 | Bailey   | Bloax: Immolation + Bailey
  2295 | Bailey   | Acquired Yredelemnul's first power
  2301 | Bailey   | Bloax: ooh
  2305 | Bailey   | Bloax: shiny broad axe
  2332 | Bailey   | hurdos: Hi
  2337 | Bailey   | Bloax: Check it out.
  2337 | Bailey   | hurdos: Yery?
  2337 | Bailey   | 4tharraofdagon: im in staves already :(
  2337 | Bailey   | Bloax: who cares
  2337 | Bailey   | hurdos: Why this god?
  2337 | Bailey   | 4tharraofdagon: no better choice
  2337 | Bailey   | 4tharraofdagon: out of these
  2337 | Bailey   | Bloax: you could've gone......
  2337 | Bailey   | 4tharraofdagon: everybody goes oka
  2337 | Bailey   | Daniel: this god is bad
  2337 | Bailey   | Bloax: xom
  2337 | Bailey   | Daniel: and you should feel bad
  2389 | Bailey   | hurdos: no Makh? og shit
  2431 | Bailey   | Bloax: now go check that axe out
  2432 | Bailey   | Bloax: >:1
  2490 | D:9      | Reached skill level 6 in Fighting
  2509 | D:8      | Noticed miro's ghost (experienced DEWz)
  2539 | D:10     | Entered Level 10 of the Dungeon
  2547 | D:9      | Reached skill level 5 in Staves
  2547 | D:9      | Reached XP level 8. EP: 63/73
  2615 | D:9      | Found a radiant altar of Vehumet.
  2653 | D:9      | Noticed a yak
  2654 | D:9      | Noticed a yak
  2655 | D:9      | Found a snail-covered altar of Cheibriados.
  2659 | D:9      | Noticed a yak
  2662 | D:9      | Noticed a yak
  2662 | D:9      | Killed a yak
  2663 | D:9      | Noticed a yak
  2666 | D:9      | Killed a yak
  2695 | D:9      | Reached skill level 5 in Evocations
  2704 | D:9      | Killed a yak
  2706 | D:9      | Killed a yak
  2710 | D:9      | Killed a yak
  3039 | D:9      | Noticed Pikel
  3049 | D:9      | Killed Pikel
  3049 | D:9      | Reached skill level 7 in Staves
  3049 | D:9      | Reached XP level 9. EP: 62/81
  3288 | D:9      | Found an ancient bone altar of Kikubaaqudgha.
  3291 | D:9      | Found a burning altar of Makhleb.
  3293 | D:9      | Found a glowing golden altar of the Shining One.
  3294 | D:9      | Found a bloodstained altar of Trog.
  3297 | D:9      | Found a deep blue altar of Sif Muna.
  3297 | D:9      | Found a glowing silver altar of Zin.
  3371 | D:10     | Noticed a troll
  3373 | D:10     | Bloax: well you could...
  3379 | D:10     | Bloax: live life dangerously and abandon yred
  3379 | D:10     | omfg
  3380 | D:10     | Noticed Nergalle
  3382 | D:10     | Noticed a yak
  3383 | D:10     | Noticed a yak
  3384 | D:10     | Noticed a yak
  3529 | D:8      | Found a white marble altar of Elyvilon.
  3604 | D:8      | Noticed a satyr
  3604 | D:8      | an agate snail changed into a satyr
  3774 | D:7      | Bloax: long live the king
  3789 | D:7      | Bloax: the king is dead
  3792 | D:7      | Bloax: long live the king!
  4001 | D:10     | Acquired Yredelemnul's second power
  4004 | D:10     | Found Shrotwooq's Armour Shop.
  4010 | D:10     | Shrotwooq's Armour Shop was a mimic.
  4034 | D:11     | Reached skill level 8 in Staves
  4107 | D:11     | Noticed a cyclops
  4241 | D:11     | Found Skiv's Antique Armour Shop.
  4250 | D:11     | Bought a runed chain mail for 319 gold pieces
  4268 | D:11     | Bought a wizard robe for 165 gold pieces
  4281 | D:11     | Identified the +3 robe of Death Resistance {Dex-5 Int+3} (You bought it in a shop on level 11 of the Dungeon)
  4286 | D:11     | Learned a level 3 spell: Regeneration
  4349 | D:10     | Killed Nergalle
  4349 | D:10     | Reached XP level 10. EP: 69/90
  4388 | D:10     | Bloax: Boombox.
  4414 | D:10     | Killed a troll
  4414 | D:10     | Reached skill level 9 in Staves
  4419 | D:10     | Bloax: Don't forget your infinity tomahawks.
  4431 | D:10     | Killed a yak
  4541 | D:10     | Noticed a yak
  4542 | D:10     | Noticed a yak
  4555 | D:10     | Killed a yak
  4572 | D:10     | Killed a yak
  4577 | D:10     | Killed a yak
  4580 | D:10     | Killed a yak
  4706 | D:10     | Noticed a yak
  4713 | D:10     | Killed a yak
  4764 | D:10     | Noticed a wyvern
  4771 | D:10     | Killed a wyvern
  4792 | D:10     | Noticed a hill giant
  4795 | D:10     | Gained mutation: Your flesh is cold resistant. [potion of beneficial mutation]
  4800 | D:10     | Killed a hill giant
  4858 | D:11     | Reached skill level 5 in Armour
  4890 | D:11     | Reached skill level 5 in Invocations
  5007 | D:11     | Reached skill level 10 in Staves
  5452 | D:13     | Noticed a centaur warrior
  5469 | D:12     | Acquired Yredelemnul's third power
  5485 | D:12     | IM THE LEGION
  5515 | D:12     | Noticed a cyclops
  5516 | D:12     | Noticed a hill giant
  5527 | D:12     | Killed a cyclops
  5532 | D:12     | MUAHA
  5542 | D:12     | Killed a hill giant
  5681 | D:12     | Found Cumafoag's Gadget Boutique.
  5804 | D:12     | Reached XP level 11. EP: 89/97
  5907 | D:13     | Noticed an eight-headed hydra
  5966 | D:12     | Found a staircase to the Orcish Mines.
  6016 | Orc:1    | Entered Level 1 of the Orcish Mines
  6031 | Orc:1    | Received a gift from Yredelemnul
  6315 | Orc:2    | Acquired Yredelemnul's fourth power
  6469 | Orc:1    | Received a gift from Yredelemnul
  6602 | Orc:3    | Received a gift from Yredelemnul
  6703 | Orc:3    | Received a gift from Yredelemnul
  6711 | Orc:3    | Reached skill level 11 in Staves
  6810 | Orc:4    | Entered Level 4 of the Orcish Mines
  6825 | Orc:3    | Acquired Yredelemnul's fifth power
  6908 | Orc:2    | Received a gift from Yredelemnul
  6979 | Orc:4    | Found a staircase to the Elven Halls.
  7173 | Orc:4    | Noticed an ogre mage
  7173 | Orc:4    | Noticed an ogre mage
  7175 | Orc:4    | Noticed an ogre mage
  7183 | Orc:4    | Noticed an ogre mage
  7183 | Orc:4    | Killed an ogre mage
  7188 | Orc:4    | Killed an ogre mage
  7211 | Orc:4    | Received a gift from Yredelemnul
  7314 | Orc:4    | Killed an ogre mage
  7463 | Orc:4    | Received a gift from Yredelemnul
  7493 | Orc:4    | Killed an ogre mage
  7499 | Orc:4    | Reached skill level 12 in Staves
  7606 | Orc:4    | Found Truaquf's General Store.
  7607 | Orc:4    | Found Karats' Magical Wand Emporium.
  7607 | Orc:4    | Found Xocag's Antique Armour Shoppe.
  7607 | Orc:4    | Found Fucid's General Store.
  7628 | Orc:4    | hurdos: trash
  7630 | Orc:4    | Bought a scroll of acquirement for 676 gold pieces
  7630 | Orc:4    | Bought an uncursed ring of poison resistance for 260 gold pieces
  7630 | Orc:4    | Bought a scroll of curse weapon for 26 gold pieces
  7632 | Orc:4    | Bought a scroll of recharging for 82 gold pieces
  7636 | Orc:4    | Bought a scroll of random uselessness for 13 gold pieces
  7725 | Orc:4    | Reached XP level 12. EP: 47/108
  7959 | D:13     | Killed a centaur warrior
  8206 | D:8      | Received a gift from Yredelemnul
  8222 | Lair:1   | Entered Level 1 of the Lair of Beasts
  8316 | Lair:2   | Noticed a seven-headed hydra
  8321 | Lair:2   | Killed a seven-headed hydra
  8433 | Lair:1   | Got a brightly glowing ring mail
  8462 | Lair:1   | Identified the +4 ring mail "Thucryshra" {Dex+3 Int+1} (You found it on level 1 of the Lair of Beasts)
  8477 | Lair:1   | Noticed an azure jelly
  8477 | Lair:1   | an agate snail changed into an azure jelly
  8500 | Lair:1   | Killed an azure jelly
  8594 | Lair:2   | Reached skill level 5 in Bows
  8854 | Lair:2   | Learned a level 2 spell: Repel Missiles
  8856 | Lair:2   | Learned a level 1 spell: Summon Butterflies
  8880 | Lair:3   | Received a gift from Yredelemnul
  8890 | Lair:3   | Found a staircase to the Shoals.
  8994 | Lair:3   | Found a staircase to the Swamp.
  9047 | Lair:3   | Reached skill level 1 in Charms
  9171 | Lair:4   | Reached skill level 13 in Staves
  9233 | Lair:4   | Received a gift from Yredelemnul
  9284 | Lair:4   | Found a basalt altar of Yredelemnul.
  9287 | Lair:4   | Upgraded the game from 0.14-a0-1297-g3d87a2a to 0.14-a0-1330-g3eed206
  9482 | Lair:3   | hurdos: Hi, IT spec :)
  9526 | Lair:3   | 4tharraofdagon: oh hey :D
  9554 | Lair:4   | Found a staircase to the Snake Pit.
  9582 | Lair:4   | 4tharraofdagon: hmm
  9582 | Lair:4   | hurdos: what's up?
  9582 | Lair:4   | 4tharraofdagon: i think my keys are broken
  9582 | Lair:4   | 4tharraofdagon: i cant see my mut
  9582 | Lair:4   | 4tharraofdagon: muts
  9582 | Lair:4   | hurdos: my too :)
  9582 | Lair:4   | 4tharraofdagon: wt
  9582 | Lair:4   | hurdos: I can not do ctrl+x :)
  9582 | Lair:4   | 4tharraofdagon: i cant shift+anything
  9582 | Lair:4   | 4tharraofdagon: shift ?,shift A
  9582 | Lair:4   | 4tharraofdagon: can you try in your game?
  9582 | Lair:4   | hurdos: sure
  9595 | Lair:4   | Got a smoking lajatang
  9596 | Lair:4   | Identified the +7,+3 lajatang of the Wolf {drain, -Tele Int+2} (You acquired it on level 4 of the Lair of Beasts)
  9596 | Lair:4   | Identified the +7,+3 lajatang of the Wolf {drain, -Tele Int+2} (You acquired it on level 4 of the Lair of Beasts)
  9677 | Lair:5   | Reached skill level 10 in Fighting
  9740 | Lair:5   | Received a gift from Yredelemnul
 10017 | Lair:6   | Reached XP level 13. EP: 108/117
 10110 | Lair:6   | Received a gift from Yredelemnul
 10319 | Lair:7   | Received a gift from Yredelemnul
 10393 | Lair:7   | Received a gift from Yredelemnul
 10393 | Lair:7   | Received a gift from Yredelemnul
 10406 | Lair:7   | Noticed Rupert
 10418 | Lair:7   | Killed Rupert
 10522 | Lair:8   | Entered Level 8 of the Lair of Beasts
 10551 | Lair:8   | Found a viscous altar of Jiyva.
 10552 | Lair:8   | Found a staircase to the Slime Pits.
 10557 | Lair:8   | Learned a level 1 spell: Apportation
 10560 | Lair:8   | Learned a level 2 spell: Swiftness
 10649 | Lair:8   | Reached skill level 1 in Translocations
 10779 | Lair:8   | Received a gift from Yredelemnul
 10883 | Lair:8   | Reached skill level 10 in Evocations
 10948 | Lair:8   | Reached XP level 14. EP: 126/126
 11024 | Lair:8   | Received a gift from Yredelemnul
 11268 | Lair:5   | Noticed an eight-headed hydra
 11275 | Lair:5   | Killed a ten-headed hydra
 11314 | Snake:1  | Entered Level 1 of the Snake Pit
 11347 | Snake:1  | Lost mutation: You are agile. (Dex +2) [potion of mutation]
 11347 | Snake:1  | Gained mutation: You possess an exceptional clarity of mind. [potion of mutation]
 11347 | Snake:1  | Gained mutation: You are partially covered in yellow scales (AC +2). [potion of mutation]
 11348 | Snake:1  | Gained mutation: You are robust (+10% HP). [potion of mutation]
 11348 | Snake:1  | Gained mutation: You are very robust (+20% HP). [potion of mutation]
 11348 | Snake:1  | Gained mutation: You can breathe flames. [potion of mutation]
 11349 | Snake:1  | Gained mutation: Your magical capacity is low (-10% MP). [potion of mutation]
 11349 | Snake:1  | Lost mutation: Your magical capacity is low (-10% MP). [potion of mutation]
 11362 | Snake:1  | Received a gift from Yredelemnul
 11566 | Snake:3  | Tolias: waddup 4th
 11629 | Snake:3  | 4tharraofdagon: nothing
 11629 | Snake:3  | 4tharraofdagon: just decided to make crappy combos
 11812 | Snake:5  | Entered Level 5 of the Snake Pit
 11823 | Snake:5  | Reached skill level 14 in Staves
 11865 | Snake:5  | Received a gift from Yredelemnul
 11915 | Snake:5  | Reached XP level 15. EP: 54/154
 12002 | Snake:5  | Reached skill level 5 in Charms
 12102 | Snake:5  | Daniel: hey
 12135 | Snake:5  | 4tharraofdagon: hello
 12240 | Snake:5  | Reached skill level 10 in Armour
 12270 | Snake:5  | hurdos: Did a bug fix?
 12282 | Snake:5  | Daniel: what bug?
 12282 | Snake:5  | 4tharraofdagon: i noticed
 12282 | Snake:5  | 4tharraofdagon: that
 12282 | Snake:5  | 4tharraofdagon: its because of browser
 12282 | Snake:5  | 4tharraofdagon: (chrome)
 12282 | Snake:5  | 4tharraofdagon: i changed to firefox and seems working fine
 12292 | Snake:5  | hurdos: heh
 12301 | Snake:5  | Reached skill level 1 in Dodging
 12343 | Snake:5  | hurdos: all works fine in 0.13
 12343 | Snake:5  | 4tharraofdagon: and only on lantea
 12343 | Snake:5  | hurdos: in chrome
 12692 | Snake:5  | Received a gift from Yredelemnul
 13185 | Snake:5  | Tolias: eh
 13187 | Snake:5  | Tolias: draw life doesn't heal you at all?
 13187 | Snake:5  | Tolias: how high is invo
 13187 | Snake:5  | 4tharraofdagon: not so high
 13187 | Snake:5  | Tolias: ah, maybe with a bit more
 13187 | Snake:5  | 4tharraofdagon: -1 crapo
 13190 | Snake:5  | Tolias: ya
 13191 | Snake:5  | hurdos: bmfx said that clan did not update yet
 13198 | Snake:5  | Received a gift from Yredelemnul
 13216 | Snake:5  | Got a serpentine rune of Zot
 13399 | Snake:5  | Reached skill level 15 in Staves
 13447 | Snake:5  | Received a gift from Yredelemnul
 13752 | Lair:3   | the staircase to the Shoals was a mimic.
 14136 | Elf:1    | Entered Level 1 of the Elven Halls
 14213 | Elf:2    | Reached XP level 16. EP: 122/165
 14324 | Elf:2    | Noticed Saint Roka
 14375 | Elf:2    | Killed Saint Roka
 14394 | Elf:2    | Daniel: lol i had roka too
 14396 | Elf:2    | Daniel: but on elves3
 14397 | Elf:2    | Daniel: just minutes ago
 14415 | Elf:2    | Daniel: along with mara
 14493 | Elf:2    | Noticed Kirke
 14507 | Elf:2    | Killed Kirke
 14569 | Elf:3    | Entered Level 3 of the Elven Halls
 14817 | Elf:3    | Noticed Aizul
 14834 | Elf:3    | Killed Aizul
 14855 | Elf:3    | Noticed a deep elf master archer
 14855 | Elf:3    | Noticed a deep elf blademaster
 14855 | Elf:3    | Noticed a deep elf master archer
 14856 | Elf:3    | Noticed a deep elf blademaster
 14928 | Elf:3    | Killed a deep elf blademaster
 14931 | Elf:3    | Noticed a deep elf blademaster
 15212 | Elf:3    | Killed a deep elf blademaster
 15290 | Elf:3    | 4tharraofdagon: look
 15320 | Elf:3    | Killed a deep elf blademaster
 15464 | Elf:3    | Reached skill level 5 in Dodging
 15533 | Elf:3    | Got a polished short sword
 15570 | Elf:3    | Got a steaming ivory ring
 15571 | Elf:3    | Got an iridescent spear
 15629 | Elf:3    | Reached skill level 16 in Staves
 15645 | Elf:3    | Tolias: thats pretty late elf 3 for you :D
 15653 | Elf:3    | Cast into the Abyss (deep elf sorcerer)
 15673 | Abyss:1  | 4tharraofdagon: well this is crap combo :p
 15689 | Abyss:1  | Tolias: haha
 15702 | Abyss:1  | Tolias: no undead army?
 15714 | Abyss:1  | Tolias: a few bone dragons wreck elves
 15816 | Abyss:1  | Bloax: Webtiles would be loads better if the spectators and players weren't synchronized.
 15842 | Abyss:1  | Bloax: because then you could actually play it while lagging balls
 15845 | Abyss:1  | Identified the ring of Nomipnau {rPois Str+4} (You took it off a deep elf sorcerer on level 3 of the Elven Halls)
 15877 | Abyss:1  | Found a shimmering altar of Xom.
 15948 | Abyss:1  | Bloax: proclaimed dead on the spot
 15948 | Abyss:1  | HP: 8/167 [thrashing horror (4)]
 15974 | Elf:3    | Escaped the Abyss
 16061 | Elf:3    | Killed from afar by a deep elf annihilator

Action                   |  1- 3 |  4- 6 |  7- 9 | 10-12 | 13-15 | 16-18 || total
-------------------------+-------+-------+-------+-------+-------+-------++-------
Melee: Quarterstaff      |       |    57 |   305 |   841 |     7 |    10 ||  1220
       Lajatang          |       |       |       |     5 |   515 |   276 ||   796
 Fire: Bow               |    58 |    39 |    13 |     5 |       |       ||   115
       Longbow           |       |       |     2 |    28 |     5 |       ||    35
Throw: Tomahawk          |       |       |       |     3 |     2 |       ||     5
 Cast: Apportation       |       |       |       |       |     6 |     6 ||    12
Invok: Animate Remains   |       |       |    10 |     4 |       |       ||    14
       Animate Dead      |       |       |       |    49 |    61 |    13 ||   123
       Drain Life        |       |       |       |    15 |    55 |     2 ||    72
       Recall Undead Sla |       |       |       |       |     5 |     4 ||     9
       Injury Mirror     |       |       |       |       |       |     2 ||     2
Evoke: Wand              |       |     6 |    10 |     9 |     2 |    14 ||    41
       Deck              |       |       |       |     6 |     2 |       ||     8
       phial of floods   |       |       |       |       |       |     2 ||     2
       fan of gales      |       |       |       |       |       |     1 ||     1
  Use: Scroll            |       |     1 |    10 |    14 |     6 |    12 ||    43
       Potion            |       |       |     6 |     3 |     7 |     4 ||    20
 Stab: Paralysed         |       |     2 |     7 |    19 |       |       ||    28
       Distracted        |       |       |     3 |     8 |    12 |     3 ||    26
       Petrifying        |       |       |       |     5 |       |       ||     5
       Petrified         |       |       |       |     3 |       |       ||     3
       Sleeping          |       |       |       |     1 |       |       ||     1
